 Dungeon Crawl Stone Soup version 0.25-a0-388-g41a7e554cb (webtiles) character file.

Game seed: 652599003836597848, levelgen mode: deterministic

477 tilp the Slinger (level 7, -1/66 HPs)
             Began as a Halfling Hunter on Jan 7, 2020.
             Slain by an iguana (2 damage)
             ... on level 4 of the Dungeon.
             The game lasted 00:07:49 (3267 turns).

tilp the Slinger (Halfling Hunter)                  Turns: 3267, Time: 00:07:49

Health: -1/66      AC:  6    Str: 18    XL:     7   Next: 33%
Magic:  7/7        EV: 13    Int:  9    God:
Gold:   226        SH:  0    Dex: 17    Spells: 6/6 levels left

rFire    . . .     SeeInvis .   b - +0 dagger (elec)
rCold    . . .     Gourm    .   (shield restricted)
rNeg     . . .     Faith    .   v - +0 scale mail
rPois    .         Spirit   .   (no helmet)
rElec    .         Reflect  .   (no cloak)
rCorr    .         Harm     .   (no gloves)
MR       .....                  (no boots)
Stlth    ..........             (no amulet)
HPRegen  0.21/turn              (no ring)
MPRegen  0.10/turn              (no ring)

@: berserking, very quick
A: small, mutation resistance 1
a: no special abilities


You were on level 4 of the Dungeon.
You were very hungry.

You visited 1 branch of the dungeon, and saw 4 of its levels.

You collected 226 gold pieces.

Inventory:

Hand Weapons
 a - a +1 hunting sling
 b - a +0 dagger of electrocution (weapon)
 e - a +0 flail of crushing
 n - a +0 vampiric spear
 x - a +0 short sword
Missiles
 d - 44 sling bullets
 i - 26 poisoned darts (quivered)
 j - 54 stones
 y - 3 curare-tipped darts
Armour
 v - a +0 scale mail (worn)
Jewellery
 c - an uncursed ring of flight
 q - an uncursed amulet of magic regeneration
Scrolls
 h - a scroll of fear {unknown}
 m - a scroll of remove curse {unknown}
 o - a scroll of teleportation {unknown}
 p - a scroll of enchant weapon {unknown}
 u - a scroll of identify
 w - a scroll of amnesia {unknown}
Potions
 k - a potion of lignification {unknown}
 l - a potion of ambrosia {unknown}
 s - a potion of curing {unknown}
 t - a potion of invisibility {unknown}
Comestibles
 f - 12 rations
 r - 7 chunks of flesh


   Skills:
 - Level 1.7 Fighting
 + Level 11.6 Slings
 - Level 2.1 Dodging
 - Level 1.1 Stealth


You had 6 spell levels left.
You didn't know any spells.
Your spell library was empty.

Dungeon Overview and Level Annotations

Branches:
Dungeon (4/15)
 Temple: D:4-7

Altars:
Yredelemnul


Innate Abilities, Weirdness & Mutations

You are small and have problems with some larger weapons.
You are somewhat resistant to further mutation.


Message History

The iguana is lightly wounded.
The iguana bites you but does no damage.
You hit the iguana but do no damage. The iguana bites you.
* * * LOW HITPOINT WARNING * * *
A red film seems to cover your vision as you go berserk!
You feel yourself moving faster!
You feel mighty!
The iguana bites you but does no damage.
You hit the iguana.
The iguana is lightly wounded.
The iguana bites you!
* * * LOW HITPOINT WARNING * * *
You hit the iguana.
The iguana is moderately wounded.
The iguana bites you but does no damage.
You hit the iguana but do no damage.
The iguana is moderately wounded.
You hit the iguana.
The iguana is moderately wounded.
The iguana bites you.
You die...

.....................#...........
#...........[....................
..#..###...#..(.)................
.###.##.......$.........#..#.####
..##..#.####..........#.#
<^.......##..........## #
.........#..........##
...................## #
................@.### .#
...........##....l..###.#.##
..............####.........
#.#...###...### #..##..##
.............#####......#
.................).#.....#
.##....>..#########.(.....# #
#.....### #.......# ....[...#
#.......#


You could see an iguana.

Vanquished Creatures
  2 ogres (D:4)
  A centaur skeleton (D:3)
  A bullfrog skeleton (D:4)
  An iguana (D:4)
  2 worker ants
  5 adders
  An ooze (D:3)
  3 worms (D:3)
  4 dart slugs (D:1)
  3 leopard geckos
  11 orcs (D:3)
  2 ball pythons
  6 giant cockroaches
  7 goblins
  13 hobgoblins
  3 jackals (D:1)
  2 quokkas
  8 bats
  4 frilled lizards
  10 kobolds
  A quokka skeleton (D:4)
  8 rats
98 creatures vanquished.

Notes
Turn   | Place    | Note
-------+----------+-------------------------------------------
     0 | D:1      | tilp the Halfling Hunter began the quest for the Orb.
     0 | D:1      | Reached XP level 1. HP: 14/14 MP: 1/1
    12 | D:1      | Reached skill level 6 in Slings
    82 | D:1      | Reached XP level 2. HP: 7/19 MP: 2/2
   551 | D:1      | Reached skill level 7 in Slings
   551 | D:1      | Reached XP level 3. HP: 20/24 MP: 3/3
   949 | D:1      | Reached XP level 4. HP: 27/29 MP: 4/4
  1250 | D:2      | Reached skill level 8 in Slings
  1251 | D:2      | Found a basalt altar of Yredelemnul.
  1856 | D:3      | Reached XP level 5. HP: 34/34 MP: 5/5
  1962 | D:3      | Reached skill level 9 in Slings
  2190 | D:3      | Reached XP level 6. HP: 36/39 MP: 6/6
  2511 | D:3      | Reached skill level 10 in Slings
  3018 | D:4      | Noticed an ogre
  3023 | D:4      | Killed an ogre
  3104 | D:4      | Reached skill level 11 in Slings
  3111 | D:4      | Reached XP level 7. HP: 44/44 MP: 7/7
  3264 | D:4      | HP: 1/66 [iguana (9)]
  3267 | D:4      | Slain by an iguana

Levels and vault maps discovered:
D:1:      lightli_arrival_statuegarden, layout_loops_ring, minmay_pentomino_q4
D:2:      layout_rooms, old_standard_altar, first_ration
D:3:      layout_basic, grunt_decor_resistance
D:4:      layout_rooms, gup_sewer_entry_bowl

Skill      XL: |  1  2  3  4  5  6 |
---------------+-------------------+-----
Slings         | 6 7 8 9 11 | 11.6
Fighting       | |  1.7
Dodging        | |  2.1
Stealth        | |  1.1

Action                   |  1- 3 |  4- 6 |  7- 9 || total
-------------------------+-------+-------+-------++-------
Melee: Short sword       |    60 |       |       ||    60
       Dagger            |       |    56 |    29 ||    85
 Fire: Hunting sling     |    71 |   139 |    10 ||   220
  Use: Scroll            |       |     2 |       ||     2
       Potion            |       |       |     1 ||     1
  Eat: Chunk             |       |     6 |       ||     6
Armor: Ring mail         |    22 |     3 |       ||    25
       Scale mail        |       |    17 |     5 ||    22
Dodge: Dodged            |    66 |    38 |    11 ||   115

Table legend:
 A = Non-vault XP
 B = Vault XP
 C = Vault XP percentage of total XP
 D = Non-vault monster count
 E = Vault monster count
 F = Vault count percentage of total count
                 A         B        C        D         E       F
            +---------+---------+-------+---------+---------+-------
      Total |     675 |       7 |   1.0 |      94 |       4 |   4.1
            +---------+---------+-------+---------+---------+-------
        D:1 |      63 |       7 |  10.0 |      32 |       4 |  11.1
        D:2 |      53 |       0 |   0.0 |      19 |       0 |   0.0
        D:3 |     196 |       0 |   0.0 |      34 |       0 |   0.0
        D:4 |     363 |       0 |   0.0 |       9 |       0 |   0.0
            +---------+---------+-------+---------+---------+-------
